 Dungeon Crawl Stone Soup version bcrawl-1.13 (webtiles) character file.

Game seed: 12566698561005050479

618 Camlann the Slasher (level 7, -3/55 HPs)
             Began as a Demonspawn Archaeologist on July 27, 2019.
             Was an Initiate of Makhleb.
             Slain by a wolf spider zombie (19 damage)
             ... on level 6 of the Dungeon.
             The game lasted 00:09:59 (4329 turns).

Camlann the Slasher (Demonspawn Archaeologist)      Turns: 4329, Time: 00:10:00

Health: -3/55      AC:  4    Str: 19    XL:     7   Next: 21%
Magic:  10/10      EV: 18    Int: 15    God:    Makhleb [......]
Gold:   135        SH:  2    Dex: 18    Spells: 6/6 levels left

rFire    . . .     SeeInvis +   f - +8 demon blade "Leech" {vamp, rN+ AC-3 EV-3}
rCold    . . .     Gourm    .   (no shield)
rNeg     + . .     Faith    .   b - +1 robe
rPois    .         Spirit   .   c - +2 hat
rElec    +         Reflect  .   (no cloak)
rCorr    .         Harm     .   (no gloves)
MR       .....                  d - +1 pair of boots
Stlth    ++++......             (no amulet)
HPRegen  0.18/turn              w - ring of insulation
MPRegen  0.12/turn              x - ring of see invisible

@: mighty, agile
A: horns 1, talons 1, repulsion field 1, camouflage 1, agile 1, robust 1, spiny
1
a: Renounce Religion


You were on level 6 of the Dungeon.
You worshipped Makhleb.
Makhleb was noncommittal.
You were not hungry.

You visited 2 branches of the dungeon, and saw 7 of its levels.

You collected 269 gold pieces.
You spent 134 gold pieces at shops.

Inventory:

Hand Weapons
 f - the +8 demon blade "Leech" (weapon) {vamp, rN+ AC-3 EV-3}

   It inflicts no extra harm, but heals its wielder when it wounds a living foe.
   It affects your AC (-3).
   It affects your evasion (-3).
   It protects you from negative energy.
Armour
 b - a +1 robe (worn)
 c - a +2 hat (worn)
 d - a +1 pair of boots (worn)
Jewellery
 q - an uncursed ring of wizardry
 r - an uncursed ring of flight
 w - a ring of insulation (left hand)
 x - a ring of see invisible (right hand)
Wands
 p - a wand of disintegration (17)
 y - a wand of random effects (7)
Scrolls
 a - 2 scrolls of amnesia
 h - 3 scrolls of fog
 i - 5 scrolls of remove curse
 o - a scroll of immolation
 s - a scroll of identify
 t - a scroll of teleportation
 u - 2 scrolls of enchant weapon
Potions
 e - 2 potions of lignification
 j - a potion of agility
 k - a potion of might
 l - 3 potions of flight
 m - a potion of magic
 n - a potion of curing
 v - 2 potions of haste
Comestibles
 g - 9 rations {!d}


   Skills:
 - Level 2.2 Fighting
 + Level 7.2 Long Blades
   Level 0.8 Maces & Flails
 - Level 3.3 Dodging
 - Level 3.0 Stealth
 + Level 4.3 Invocations


You had 6 spell levels left.
You didn't know any spells.
Your spell library contained the following spells:

 Spells                   Type           Power        Failure   Level  Hunger
 Corona                   Hex            #......      26%         1    ##.....
 Ensorcelled Hibernation  Hex/Ice        #.....       38%         2    ###....
 Confuse                  Hex            #.......     63%         3    ####...
 Dazzling Spray           Conj/Hex       #.....       63%         3    ####...
 Tukima's Dance           Hex            #.......     63%         3    ####...


Dungeon Overview and Level Annotations

Branches:
Dungeon (6/12)             Temple (1/1) D:4

Altars:
Dithmenos
Gozag
Makhleb
Uskayaw
Wu Jian
The Shining One

Shops:
D:4 !:%*


Innate Abilities, Weirdness & Mutations

You have a pair of small horns on your head.
You are surrounded by a mild repulsion field. (EV +2)
You are partially covered in sharp spines.
You have sharp toenails.
Your skin changes colour to match your surroundings (Stealth+).
You are agile. (Dex +2)
You are robust. (+10% HP)


Message History

The wolf spider zombie hits you.
The wolf spider zombie bites you but does no damage.
An orc wizard comes into view. It is wielding a +1 dagger of venom.
The wolf spider zombie hits you!
* * * LOW HITPOINT WARNING * * *
The wolf spider zombie barely misses you.
The orc wizard moves out of view.
The shadow imp hits you.
* * * LOW HITPOINT WARNING * * *
You feel very mighty all of a sudden. The shadow imp closely misses you.
You feel agile all of a sudden.
A bullfrog comes into view.
The shadow imp misses you.
You slice the shadow imp!!
You kill the shadow imp!
Makhleb accepts your kill.
The wolf spider zombie is struck by your spines.
The wolf spider zombie hits you!!
You die...

#o<..$.........
#.#..........
##......##....
.####?.....<#
.#
........#####
..
######.>#####^#
#....o..$#
#..##Z####
#...##@#
...####.# .....
#F# ##.o# ...
...o #.# ...
#.# ... ...


You could see a bullfrog, an orc and a wolf spider zombie.

Vanquished Creatures
  Duvessa (D:5)
  Dowan (D:5)
  A scorpion (D:4)
  3 crimson imps
  An orc wizard (D:5)
  An orc priest (D:5)
  3 worker ants
  An iguana (D:4)
  A worker ant zombie (D:5)
  3 adders
  A shadow imp (D:6)
  An ooze (D:2)
  A worm (D:2)
  2 dart slugs
  6 leopard geckos
  12 orcs
  3 giant cockroaches
  4 goblins
  6 hobgoblins
  13 jackals
  9 kobolds
  A quokka (D:2)
  6 bats
  4 frilled lizards
  6 rats
91 creatures vanquished.

Notes
Turn   | Place    | Note
-------+----------+-------------------------------------------
     0 | D:1      | Camlann the Demonspawn Archaeologist began the quest for
                  | the Orb.
     0 | D:1      | Reached XP level 1. HP: 15/15 MP: 1/1
   462 | D:1      | Gained mutation: You are surrounded by a mild repulsion
                  | field. (EV +2) [demonic ancestry]
   462 | D:1      | Reached XP level 2. HP: 22/22 MP: 2/2
  1125 | D:2      | Gained mutation: You are partially covered in sharp spines.
                  | [demonic ancestry]
  1125 | D:2      | Reached XP level 3. HP: 27/27 MP: 3/3
  1242 | D:2      | Reached skill level 1 in Long Blades
  1488 | D:3      | Reached skill level 3 in Long Blades
  1488 | D:3      | Reached XP level 4. HP: 19/33 MP: 4/4
  2471 | D:4      | Gained mutation: You can translocate small distances at
                  | will. [potion of mutation]
  2471 | D:4      | Lost mutation: You can translocate small distances at will.
                  | [potion of mutation]
  2471 | D:4      | Gained mutation: You are somewhat resistant to further
                  | mutation. [potion of mutation]
  2484 | D:4      | Reached skill level 4 in Long Blades
  2562 | D:4      | Reached skill level 5 in Long Blades
  2562 | D:4      | Reached XP level 5. HP: 18/38 MP: 5/5
  2730 | D:4      | Found Dezis's Assorted Antiques.
  2730 | D:4      | Found Dypsankapt's Food Shoppe.
  2730 | D:4      | Found Vaophunu's Distillery.
  2731 | D:4      | Found Zublorch's Book Shoppe.
  2747 | D:4      | Bought a potion of curing for 36 gold pieces
  2785 | D:4      | Bought a scroll of identify for 40 gold pieces
  2785 | D:4      | Bought a scroll of identify for 40 gold pieces
  2785 | D:4      | Bought an emerald potion for 18 gold pieces
  2985 | D:4      | Lost mutation: You are somewhat resistant to further
                  | mutation. [potion of mutation]
  2985 | D:4      | Gained mutation: You are robust. (+10% HP) [potion of
                  | mutation]
  2985 | D:4      | Gained mutation: Your skin changes colour to match your
                  | surroundings (Stealth+). [potion of mutation]
  2985 | D:4      | Gained mutation: You are agile. (Dex +2) [potion of
                  | mutation]
  2985 | D:4      | Gained mutation: You have sharp toenails. [potion of
                  | mutation]
  2999 | D:4      | Reached skill level 6 in Long Blades
  3499 | D:4      | Found a staircase to the Ecumenical Temple.
  3505 | Temple   | Entered the Ecumenical Temple
  3512 | Temple   | Became a worshipper of Makhleb the Destroyer
  3635 | D:5      | Entered Level 5 of the Dungeon
  3635 | D:5      | Noticed Duvessa
  3635 | D:5      | Noticed Dowan
  3638 | D:5      | Killed Duvessa
  3638 | D:5      | Gained mutation: You have a pair of small horns on your
                  | head. [demonic ancestry]
  3638 | D:5      | Reached XP level 6. HP: 47/48 MP: 5/7
  3642 | D:5      | Killed Dowan
  3734 | D:5      | Reached skill level 7 in Long Blades
  3734 | D:5      | Reached XP level 7. HP: 55/55 MP: 9/9
  4329 | D:6      | Slain by a wolf spider zombie

Skill      XL: |  1  2  3  4  5  6  7 |
---------------+----------------------+-----
Dodging        | 3 |  3.3
Fighting       | 2 |  2.2
Long Blades    | 3 5 6 7 |  7.2
Invocations    | 2 3 4 |  4.3
Maces & Flails | |  0.8
Stealth        | |  3.0

Action                   |  1- 3 |  4- 6 |  7- 9 || total
-------------------------+-------+-------+-------++-------
Melee: Whip              |    86 |       |       ||    86
       Dagger            |    66 |    56 |       ||   122
       Falchion          |       |    87 |       ||    87
       Demon blade       |       |    18 |    27 ||    45
       Headbutt          |       |     2 |     4 ||     6
  Use: Scroll            |    13 |     2 |     1 ||    16
       Potion            |       |     6 |     2 ||     8
 Stab: Sleeping          |     5 |     7 |     4 ||    16
  Eat: Chunk             |     2 |     5 |     2 ||     9
       Ration            |       |     2 |       ||     2
Armor: Robe              |    37 |    21 |     7 ||    65
Dodge: Dodged            |   107 |   101 |    26 ||   234
Block: Other             |       |       |     3 ||     3
